 Dungeon Crawl Stone Soup version 0.27-a0-681-g0c81a3c1c3 (webtiles) character file.

Game seed: 12360207061925863603

14 jasper the Ruffian (level 2, 0/16 HPs)
             Began as a Vine Stalker Fighter on Mar 19, 2021.
             Hit by a stone thrown by a kobold (1 damage)
             ... on level 2 of the Dungeon.
             The game lasted 00:00:47 (576 turns).

jasper the Ruffian (Vine Stalker Fighter)            Turns: 576, Time: 00:00:48

Health: 0/16       AC:  6    Str: 18    XL:     2   Next: 45%
Magic:  0/3        EV:  7    Int:  8    God:
Gold:   8          SH:  9    Dex: 13    Spells: 1/1 levels left

rFire    . . .     SeeInvis .     - Unarmed
rCold    . . .     Faith    .   b - +0 kite shield
rNeg     . . .     Spirit   +   a - +0 scale mail
rPois    .         Reflect  .   (no helmet)
rElec    .         Harm     .   (no cloak)
rCorr    .         Rampage  .   (no gloves)
Will     .....                  (no boots)
Stlth    ..........             (no amulet)
HPRegen  0.05/turn              (no ring)
MPRegen  0.08/turn              (no ring)

@: no status effects
A: fangs 2, magic shield, antimagic bite, no potion heal 3
a: no special abilities


You were on level 2 of the Dungeon.
You visited 1 branch of the dungeon, and saw 2 of its levels.

You collected 8 gold pieces.

Inventory:

Armour
 a - a +0 scale mail (worn)
 b - a +0 kite shield (worn)
Scrolls
 d - a scroll of amnesia {unknown}
Potions
 c - a potion of might


   Skills:
 - Level 2.6 Fighting
 - Level 2.4 Armour
 - Level 2.6 Shields
 + Level 3.0 Unarmed Combat


You had one spell level left.
You didn't know any spells.
Your spell library was empty.

Dungeon Overview and Level Annotations

Branches:
Dungeon (2/15)

Altars:


Innate Abilities, Weirdness & Mutations

You have extremely sharp teeth.
When hurt, damage is shared between your health and your magic reserves.
Your bite disrupts and absorbs the magic of your enemies.
Potions cannot restore your health.


Message History

You hit the bat.
You kill the bat!
Your Unarmed Combat skill increases to level 3!
You barely miss the kobold.
The kobold hits you with a +0 short sword. x2
You take 5 damage, and have 10/16 hp.
MASSIVE DAMAGE!!
You now have 2/3 mp.
You hit the kobold but do no damage. You bite the kobold. You drain its power.
You feel invigorated.
The kobold is severely wounded.
You block the kobold's attack.
MP restored: 3 You closely miss the kobold.
Your bite misses the kobold.
The kobold is severely wounded.
The kobold barely misses you.
You closely miss the kobold. Your bite misses the kobold.
The kobold is severely wounded.
The kobold hits you but does no damage.
You closely miss the kobold.
The kobold is severely wounded.
The kobold hits you with a +0 short sword.
You take 4 damage, and have 6/16 hp.
MASSIVE DAMAGE!!
You now have 2/3 mp.
You barely miss the kobold.
The kobold is severely wounded.
You block the kobold's attack. The kobold hits you but does no damage.
Your shield prevents you from hitting the kobold.
Your bite misses the kobold.
The kobold is severely wounded.
You block the kobold's attack.
You hit the kobold but do no damage.
The kobold is severely wounded.
The kobold hits you with a +0 short sword.
* * * LOW HITPOINT WARNING * * *
You take 5 damage, and have 1/16 hp.
MASSIVE DAMAGE!!
You now have 1/3 mp.
You barely miss the kobold. You bite the kobold.
You kill the kobold!
There is a stone staircase leading up here.
A kobold comes into view. It is wielding a +0 dagger.
The kobold shouts!
The kobold throws a stone.
The stone hits you.
You die...

##########
#.......K.
##.@.#
###..#<###
#......K.#
#.#..###)#
#...# #)#
#... #..#
#.... ...#
..##.
..#.# .#
... ..


You could see 2 kobolds.

Vanquished Creatures
  A dart slug (D:1)
  2 hobgoblins (D:1)
  2 jackals (D:1)
  2 kobolds (D:2)
  2 bats (D:2)
  A goblin (D:1)
  2 rats
12 creatures vanquished.

Notes
Turn   | Place    | Note
-------+----------+-------------------------------------------
     0 | D:1      | jasper the Vine Stalker Fighter began the quest for the
                  | Orb.
     0 | D:1      | Reached XP level 1. HP: 11/11 MP: 2/2
   492 | D:1      | Reached XP level 2. HP: 16/16 MP: 3/3
   565 | D:2      | Reached skill level 3 in Unarmed Combat
   576 | D:2      | Hit by a stone thrown by a kobold

Illustrated notes

Levels and vault maps discovered:
D:1:      psy_arrival_basics, layout_basic, serial_shops, shop,
          corexii_hall_statues_l
D:2:      layout_basic, evilmike_ruin_ashenzari, minmay_bisected, uniq_natasha

Skill      XL: |  1  2 |
---------------+-------+-----
Unarmed Combat | 3 |  3.0
Fighting       | |  2.6
Armour         | |  2.4
Shields        | |  2.6

Action                   || total
-------------------------++-------
Melee: Unarmed           ||    51
       Bite              ||    11
Armor: Scale mail        ||    25
Dodge: Dodged            ||    21
Block: Kite shield       ||    32

Table legend: (Time is in decaauts)
 A = Elapsed time spent in this place.
 B = Non-inter-level travel time spent in this place.
 C = Inter-level travel time spent in this place.
 D = Time resting spent in this place.
 E = Time spent auto-exploring this place.
 F = Levels seen in this place.
 G = Mean time per level.
                   A        B        C        D        E       F      G
               +--------+--------+--------+--------+--------+-----+--------+
         Total |    585 |    585 |      0 |    289 |    164 |   2 |  292.5 |
       Dungeon |    585 |    585 |      0 |    289 |    164 |   2 |  292.5 |
               +--------+--------+--------+--------+--------+-----+--------+

Top non-repeatable levels by time:
     D:1: 543 daAuts
     D:2: 42 daAuts
